 Dungeon Crawl Stone Soup version 0.21-a0-225-g207ae17 (webtiles) character file.

10401 dreamer the Grappler (level 11, -5/99 HPs)
             Began as a Troll Monk on Aug 28, 2017.
             Was an Elder of Hepliaklqana.
             Slain by a yak (17 damage)
             ... on level 2 of the Lair of Beasts on Aug 29, 2017.
             The game lasted 00:23:31 (9681 turns).

dreamer the Grappler (Troll Monk)                   Turns: 9681, Time: 00:23:32

Health: -5/99      AC:  5    Str: 21    XL:     11   Next: 35%
Magic:  11/11      EV:  9    Int:  6    God:    Hepliaklqana [****..]
Gold:   730        SH: 15    Dex: 15    Spells: 10/10 levels left

rFire    . . .     SeeInvis .     - Unarmed
rCold    . . .     Gourm    +   y - +2 large shield {reflect}
rNeg     + . .     Faith    .   a - +0 robe
rPois    .         Spirit   .   (helmet restricted)
rElec    .         Reflect  +   (no cloak)
rCorr    .         Harm     .   (gloves unavailable)
MR       .....                  (boots unavailable)
Stlth    +++.......             m - amulet of rage
HPRegen  0.66/turn              o - ring of stealth
MPRegen  0.12/turn              L - ring of positive energy

@: no status effects
A: unfitting armour, reduced essence, claws 3, fast metabolism 3, gourmand,
regeneration 1, shaggy fur 1, tough skin 2
a: Recall Ancestor, Ancestor Identity, Transference, Idealise, Renounce
Religion, Evoke Berserk Rage


You were on level 2 of the Lair of Beasts.
You worshipped Hepliaklqana.
Hepliaklqana was greatly pleased with you.
You were not hungry.

You visited 2 branches of the dungeon, and saw 11 of its levels.

You collected 730 gold pieces.

Inventory:

Hand Weapons
 U - a +0 short sword of venom
Missiles
 c - 356 stones
 i - 6 javelins of returning (quivered)
 V - 6 curare-tipped needles
Armour
 a - a +0 robe (worn)
 y - a +2 large shield of reflection (worn)
Jewellery
 m - an amulet of rage (around neck)
 o - a ring of stealth (left claw)
 r - an uncursed ring of see invisible
 B - the amulet of New Discoveries {Inacc rElec MR+}
   (You found it on level 8 of the Dungeon)

   [amulet of inaccuracy]

   It reduces the accuracy of all your attacks.
   It insulates you from electricity.
   It affects your resistance to hostile enchantments.
 J - an uncursed ring of fire
 L - a ring of positive energy (right claw)
 P - an uncursed amulet of guardian spirit {unknown}
 Q - an uncursed amulet of guardian spirit {unknown}
 R - a +2 ring of slaying {unknown}
 S - an uncursed ring of positive energy
Wands
 d - a wand of acid (5/15)
 u - a wand of clouds (6/9)
 I - a wand of random effects (17/48)
 M - a wand of acid (6/15)
 Y - a wand of flame (20/48)
Scrolls
 p - 6 scrolls of teleportation
 q - 5 scrolls of magic mapping
 t - 3 scrolls of enchant weapon
 w - 2 scrolls of identify
 x - 2 scrolls of fog
 z - 2 scrolls of amnesia
 F - 2 scrolls of vulnerability {unknown}
 K - a scroll of recharging {unknown}
 T - 3 scrolls of torment {unknown}
Potions
 e - a potion of cancellation
 f - 2 potions of agility
 k - a potion of might {unknown}
 n - a potion of curing
 s - a potion of lignification
 v - a potion of resistance {unknown}
 E - a potion of flight {unknown}
 O - a potion of invisibility {unknown}
 W - a potion of mutation {unknown}
Books
 l - a book of Maledictions

   Spells                             Type                      Level
   a - Corona                         Hexes                        1
   b - Ensorcelled Hibernation        Hexes/Ice                    2
   c - Confuse                        Hexes                        3
   d - Tukima's Dance                 Hexes                        3
   e - Dazzling Spray                 Conjuration/Hexes            3
 D - a book of Flames

   Spells                             Type                      Level
   a - Flame Tongue                   Conjuration/Fire             1
   b - Throw Flame                    Conjuration/Fire             2
   c - Conjure Flame                  Conjuration/Fire             3
   d - Inner Flame                    Hexes/Fire                   3
   e - Sticky Flame                   Conjuration/Fire             4
   f - Fireball                       Conjuration/Fire             5
 G - a book of Cantrips

   Spells                             Type                      Level
   a - Confusing Touch                Hexes                        1
   b - Animate Skeleton               Necromancy                   1
   c - Summon Small Mammal            Summoning                    1
   d - Apportation                    Translocation                1
 H - a book of Geomancy

   Spells                             Type                      Level
   a - Sandblast                      Earth                        1
   b - Passwall                       Transmutation/Earth          2
   c - Stone Arrow                    Conjuration/Earth            3
   d - Petrify                        Transmutation/Earth          4
   e - Lee's Rapid Deconstruction     Earth                        5
 N - a book of Callings

   Spells                             Type                      Level
   a - Summon Small Mammal            Summoning                    1
   b - Call Imp                       Summoning                    2
   c - Call Canine Familiar           Summoning                    3
   d - Summon Guardian Golem          Hexes/Summoning              3
   e - Summon Lightning Spire         Summoning/Air                4
   f - Summon Ice Beast               Ice/Summoning                4
Comestibles
 b - 9 bread rations
 g - 3 meat rations
 j - 3 royal jellies
 C - 4 fruits


   Skills:
 - Level 8.0 Fighting
 + Level 1.7 Throwing
 - Level 6.4 Dodging
 - Level 1.0 Stealth
 + Level 1.7 Shields
 * Level 12.8 Unarmed Combat
 - Level 2.1 Invocations
 - Level 1.9 Evocations


You had 10 spell levels left.
You didn't know any spells.

Dungeon Overview and Level Annotations

Branches:
Dungeon (9/15)             Temple (0/1) D:6            Lair (2/6) D:8
  Swamp: Lair:2-4    Shoals: Lair:2-4     Snake: Lair:2-4    Spider: Lair:2-4
    Orc: D:9-12

Altars:
Fedhas
Gozag
Hepliaklqana
Nemelex Xobeh
Qazlal
Ru
Sif Muna
Trog
Xom
Zin
The Shining One


Innate Abilities, Weirdness & Mutations

You are too large for most types of armour.
You have claws for hands.
Your metabolism is lightning-fast.
You like to eat raw meat.
Your natural rate of healing is unusually fast.
You are covered in fur. (AC +1)
You have very tough skin. (AC +2)
Your life essence is reduced to manifest your ancestor. (-10% HP)


Message History

The yak gores you. x2
Unknown command.
You mangle the yak!!
The yak is almost dead.
You block the yak's attack. x2
You scratch the yak.
The yak is almost dead.
You block the yak's attack. The yak gores you!
* * * LOW HITPOINT WARNING * * *
Unknown command.
You mangle the yak!!
You kill the yak!
The yak gores you!
* * * LOW HITPOINT WARNING * * *
Unknown command.
Unknown command.
Unknown command.
Unknown command.
You feel better. The yak gores you!
You die...

##P...........#..#..
###...........###..
#.....<......##.#
#............##.#
##...............
#P...........#.#
##...........#..
###.............##
#@#...............
#†Y...............
##...............#
#.................
#.##.#..[........#
########.....#)..#
#...##....####..
###.......# #.# ####
#####........# ###


You could see a yak.

Vanquished Creatures
  Sonja (Lair:2)
  2 orc sorcerers (D:8)
  2 spiny frogs (Lair:2)
  Prince Ribbit (D:9)
  4 hippogriffs
  12 yaks
  Menkaure (D:6)
  4 water moccasins
  3 porcupines
  2 orc warriors
  An ice beast (D:9)
  4 black bears (D:8)
  4 ogres
  A necrophage (D:6)
  2 centaurs
  4 crocodiles
  A big kobold (D:8)
  6 bullfrogs
  A scorpion (D:7)
  4 wights (D:6)
  A howler monkey (D:8)
  2 centaur zombies
  9 crimson imps
  A quasit (D:8)
  3 hounds
  2 bullfrog skeletons
  A gnoll shaman (D:8)
  A centaur skeleton (D:8)
  A jelly (D:9)
  8 orc wizards
  2 iguanas (D:7)
  3 worker ants
  2 killer bee zombies
  A hound zombie (D:8)
  3 hound skeletons
  2 gnolls (D:8)
  4 adders
  3 shadow imps
  An ooze (D:1)
  An adder zombie (D:9)
  An adder skeleton (D:7)
  3 dart slugs (D:1)
  4 leopard geckos
  19 orcs
  3 ball pythons
  2 giant cockroaches
  6 goblins
  4 hobgoblins
  5 jackals
  4 quokkas
  3 bats (D:1)
  4 frilled lizards
  4 kobolds
  A quokka skeleton (D:6)
  8 rats
182 creatures vanquished.

Vanquished Creatures (collateral kills)
  A hydra (Lair:2)
  A hornet (D:9)
  2 yaks
  A porcupine (D:8)
  A sky beast (D:5)
  A bullfrog (Lair:2)
  A scorpion (D:7)
  A howler monkey (D:9)
  An iguana (D:6)
  2 orc wizards
  A worker ant (D:6)
  An adder (D:5)
  2 gnolls (D:8)
  2 orcs (D:8)
  A giant cockroach (D:7)
  A frilled lizard (D:5)
20 creatures vanquished.

Vanquished Creatures (others)
  4 hexers
  16 fungi (D:8)
  A plant (D:8)
21 creatures vanquished.

Grand Total: 223 creatures vanquished

Notes
Turn   | Place    | Note
-------+----------+-------------------------------------------
     0 | D:1      | dreamer the Troll Monk began the quest for the Orb.
     0 | D:1      | Reached XP level 1. HP: 22/22 MP: 0/0
    85 | D:1      | Reached XP level 2. HP: 26/29 MP: 1/1
   380 | D:1      | Reached XP level 3. HP: 36/36 MP: 2/2
  1606 | D:3      | Reached skill level 4 in Unarmed Combat
  1801 | D:3      | Found a hazy altar of Hepliaklqana.
  1804 | D:3      | Found a glowing silver altar of Zin.
  1964 | D:3      | Found a shimmering altar of Xom.
  2110 | D:3      | Became a worshipper of Hepliaklqana the Forgotten
  2110 | D:3      | Reached * piety under Hepliaklqana
  2110 | D:3      | Reached ** piety under Hepliaklqana
  2117 | D:3      | Remembered your ancestor Bintanath as a hexer
  2128 | D:4      | Found a blossoming altar of Fedhas.
  2223 | D:4      | Reached XP level 4. HP: 29/40 MP: 3/3
  2899 | D:5      | Entered Level 5 of the Dungeon
  2899 | D:5      | Noticed a sky beast
  2905 | D:5      | Killed a sky beast
  2905 | D:5      | Reached skill level 5 in Unarmed Combat
  2905 | D:5      | Reached XP level 5. HP: 31/48 MP: 4/4
  2988 | D:5      | Reached XP level 6. HP: 55/55 MP: 5/5
  3198 | D:5      | Reached skill level 6 in Unarmed Combat
  3474 | D:5      | Reached XP level 7. HP: 29/63 MP: 6/6
  3647 | D:5      | Found a stormy altar of Qazlal.
  3920 | D:6      | Found a staircase to the Ecumenical Temple.
  3930 | D:6      | Reached skill level 7 in Unarmed Combat
  3960 | D:6      | Reached *** piety under Hepliaklqana
  4474 | D:6      | Reached XP level 8. HP: 64/71 MP: 7/7
  4537 | D:6      | Reached skill level 5 in Fighting
  4537 | D:6      | Reached skill level 8 in Unarmed Combat
  4617 | D:6      | Noticed Menkaure
  4626 | D:6      | Killed Menkaure
  5101 | D:7      | Found a bloodstained altar of Trog.
  5285 | D:7      | Found a sacrificial altar of Ru.
  5424 | D:7      | Reached skill level 9 in Unarmed Combat
  5542 | D:7      | Found an opulent altar of Gozag.
  5542 | D:7      | Found a sparkling altar of Nemelex Xobeh.
  5624 | D:8      | Noticed a hippogriff
  5644 | D:8      | Killed a hippogriff
  5644 | D:8      | Reached XP level 9. HP: 46/80 MP: 8/8
  5788 | D:8      | Reached skill level 10 in Unarmed Combat
  5792 | D:8      | Found a staircase to the Lair.
  5803 | D:8      | Reached skill level 5 in Dodging
  5897 | D:8      | Found a glowing golden altar of the Shining One.
  5903 | D:8      | Got a transparent iron amulet
  6076 | D:8      | Reached XP level 10. HP: 83/90 MP: 9/9
  6078 | D:8      | Reached skill level 11 in Unarmed Combat
  6149 | D:8      | Noticed an orc sorcerer
  6155 | D:8      | Noticed an orc sorcerer
  6158 | D:8      | Killed an orc sorcerer
  6163 | D:8      | Killed an orc sorcerer
  6565 | D:8      | Reached **** piety under Hepliaklqana
  6671 | D:9      | Noticed Prince Ribbit
  6690 | D:9      | Killed Prince Ribbit
  7419 | D:9      | Reached skill level 12 in Unarmed Combat
  7476 | D:9      | Found a deep blue altar of Sif Muna.
  7593 | Lair:1   | Entered Level 1 of the Lair of Beasts
  7712 | Lair:1   | Identified the amulet of New Discoveries {Inacc rElec MR+} (You found it on level 8 of the Dungeon)
  7786 | Lair:1   | Reached skill level 1 in Invocations
  7793 | Lair:1   | Reached skill level 1 in Evocations
  8585 | Lair:2   | Noticed a seven-headed hydra
  8702 | Lair:2   | Noticed Sonja
  8709 | Lair:2   | Killed Sonja
  8709 | Lair:2   | Reached XP level 11. HP: 99/99 MP: 11/11
  9116 | Lair:2   | Identified a scroll of acquirement
  9285 | Lair:2   | Killed an eight-headed hydra
  9285 | Lair:2   | Reached skill level 1 in Throwing
  9285 | Lair:2   | Reached skill level 1 in Shields
  9681 | Lair:2   | Slain by a yak

Vault maps used:
D:1:      zaba_arrival_water
D:3:      nicolae_overflow_hidden_temple, kennysheep_boxes
D:4:      first_bread, fedhas_altar_1
D:5:      lemuel_doored_altar, minmay_a_box_with_orc_wizards_in_it
D:6:      minmay_temple_entry_crystal_x, grunt_tough_drop, uniq_menkaure
D:7:      grunt_temple_overflow_opulence, nicolae_ru_great_annihilating_truth,
          basic_altar
D:8:      cheibrodos_wizards_tower, overflow_temple_1_default,
          due_lair_maze_entry_diamond
D:9:      led_sif_pool, uniq_prince_ribbit1
Lair:1:   grunt_megastairs_1
Lair:2:   patterned_corridor, uniq_sonja

Skill      XL: |  1  2  3  4  5  6  7  8  9 10 11 |
---------------+----------------------------------+-----
Fighting       | 3 4 5 6 7 8 |  8.0
Unarmed Combat | 4 5 6 7 9 10 12 | 12.8
Dodging        | 3 4 5 6 |  6.4
Invocations    | 1 2 |  2.1
Evocations     | 1 |  1.9
Throwing       | 1 |  1.7
Shields        | 1 |  1.7
Stealth        | |  1.0

Action                   |  1- 3 |  4- 6 |  7- 9 | 10-12 || total
-------------------------+-------+-------+-------+-------++-------
Melee: Unarmed           |    83 |    46 |   248 |   167 ||   544
       Punch             |     1 |       |    11 |     7 ||    19
Throw: Stone             |    19 |       |       |       ||    19
       Javelin           |       |     1 |     1 |     3 ||     5
Invok: Ancestor Life: He |     1 |       |       |       ||     1
       Ancestor Identity |     1 |       |       |       ||     1
       Recall Ancestor   |       |       |     1 |       ||     1
Evoke: Wand              |       |       |       |     1 ||     1
  Use: Scroll            |     6 |     5 |     4 |     4 ||    19
       Potion            |       |     1 |     1 |     8 ||    10
 Stab: Sleeping          |     4 |     1 |     8 |     6 ||    19
       Confused          |       |     1 |     1 |     3 ||     5
       Paralysed         |       |       |     1 |       ||     1
       Distracted        |       |       |       |     3 ||     3
  Eat: Chunk             |    24 |    12 |    16 |    30 ||    82
       Meat ration       |       |       |       |     1 ||     1
Armor: Robe              |    27 |    18 |    38 |    21 ||   104
       Skin              |       |       |       |    12 ||    12
Dodge: Dodged            |    30 |    26 |   120 |    70 ||   246
Block: Large shield      |       |       |       |    47 ||    47

Table legend:
 A = Spawn XP
 B = Non-spawn XP
 C = Spawn XP percentage of total XP
 D = Spawn monster count
 E = Non-spawn monster count
 F = Spawn count percentage of total count
 G = Total turns spent on level
                    A         B        C        D         E        F      G
               +---------+---------+-------+---------+---------+-------+---------
         Total |    2687 |   12172 |  18.1 |      28 |     174 |  13.9 |  9681
               +---------+---------+-------+---------+---------+-------+---------
           D:1 |       2 |      45 |   4.3 |       1 |      22 |   4.3 |   712
           D:2 |       0 |      14 |   0.0 |       0 |       8 |   0.0 |   858
           D:3 |       0 |      25 |   0.0 |       0 |       7 |   0.0 |   539
           D:4 |       3 |      98 |   3.0 |       1 |       9 |  10.0 |   790
           D:5 |     142 |     424 |  25.1 |       6 |      11 |  35.3 |   962
           D:6 |     121 |     967 |  11.1 |       1 |      20 |   4.8 |   837
           D:7 |      13 |     681 |   1.9 |       2 |      22 |   8.3 |   926
           D:8 |     966 |    3879 |  19.9 |       8 |      39 |  17.0 |  1066
           D:9 |      40 |    1516 |   2.6 |       1 |      20 |   4.8 |   903
        Lair:1 |     137 |    1263 |   9.8 |       1 |       7 |  12.5 |   990
        Lair:2 |    1263 |    3260 |  27.9 |       7 |       9 |  43.8 |  1098
               +---------+---------+-------+---------+---------+-------+---------
